AoeStats
← Cien Ojos

Arabia

505332978Analyzed
1v1 RM · 24d ago on Sep 8, 2026· 54m 11s· 2 players
Game mode
Random Map
Map size
Tiny (2 player)
Population
200
Speed
Normal
Resources
Standard
Victory
Conquest
Starting age
Dark Age
Ending age
Imperial Age
RankedLock teamsTeams togetherTeam positionsShared explorationLock speedFull tech treeHidden civsTurbo modeCheats
Victory
Defeat
🇨🇦 Koreans · Canada
1195
+14
🇦🇷 Slavs · Argentina
1156
-14
Cien Ojos
6:19 Loom
8:56 Feudal Age
9:58 Double-Bit Axe
14:16 Horse Collar
19:03 Castle Age
18:20 Forging
18:15 Scale Barding Armor
18:42 Gold Mining
19:23 Bloodlines
20:28 Husbandry
20:58 Bow Saw
23:51 Wheelbarrow
24:38 Iron Casting
24:23 Chain Barding Armor
24:35 Scale Mail Armor
23:58 Man-at-Arms
27:17 Stone Mining
30:25 Imperial Age
28:02 Squires
27:22 Long Swordsman
28:47 Hand Cart
30:14 Chain Mail Armor
29:52 Fletching
31:27 Gold Shaft Mining
30:40 Town Watch
30:43 Two-Handed Swordsman
33:01 Blast Furnace
34:10 Champion
37:31 Plate Mail Armor
39:59 Bodkin Arrow
40:05 Padded Archer Armor
42:16 Heavy Plow
43:34 Crop Rotation
43:56 Leather Archer Armor
44:43 Conscription
44:02 Light Cavalry
47:54 Chemistry
47:15 Ballistics
46:51 Murder Holes
51:31 Two-Man Saw
52:03 Hussar
WangJangler
7:54 Loom
10:41 Feudal Age
12:04 Double-Bit Axe
16:13 Horse Collar
18:51 Castle Age
18:29 Fletching
19:13 Elite Skirmisher
20:17 Scale Mail Armor
20:15 Gold Mining
20:41 Bow Saw
25:11 Squires
28:02 Bodkin Arrow
28:42 Chain Mail Armor
30:17 Forging
32:22 Crossbowman
34:44 Ballistics
34:45 Murder Holes
35:43 Wheelbarrow
38:01 Imperial Age
36:46 Thumb Ring
38:27 Hand Cart
40:18 Chemistry
39:40 Arrowslits
40:52 Bracer
44:15 Arbalester
45:16 Heavy Plow
47:56 Elite Fire Lancer
51:55 Siege Engineers
53:44 Plate Mail Armor
54:50 Two-Man Saw
54:03 Masonry
Connection lost

Rejoining the realm…

Still unreachable

The connection could not be restored.

Session expired

The server has moved on; the page needs a fresh start.